 Dungeon Crawl Stone Soup version 0.23-a0-338-g8ff0b24 (webtiles) character file.

191 Gildeon the Conjurer (level 5, 0/28 HPs)
             Began as a Deep Elf Conjurer on Oct 18, 2018.
             Slain by Grinder (6 damage)
             ... on level 3 of the Dungeon.
             The game lasted 00:15:46 (2387 turns).

Gildeon the Conjurer (Deep Elf Conjurer)            Turns: 2387, Time: 00:15:46

Health: 0/28       AC:  2    Str:  5    XL:     5   Next: 41%
Magic:  1/13       EV: 14    Int: 21    God:
Gold:   111        SH:  0    Dex: 15    Spells: 2/12 levels left

rFire    . . .     SeeInvis .   e - +0 dagger
rCold    . . .     Gourm    .   (no shield)
rNeg     . . .     Faith    .   a - +0 robe
rPois    .         Spirit   .   (no helmet)
rElec    .         Reflect  .   (no cloak)
rCorr    .         Harm     .   (no gloves)
MR       .....                  (no boots)
Stlth    +++.......             (no amulet)
HPRegen  0.09/turn              (no ring)
MPRegen  0.13/turn              (no ring)

@: no status effects
A: no striking features
a: no special abilities


You were on level 3 of the Dungeon.
You were not hungry.

You visited 1 branch of the dungeon, and saw 3 of its levels.

You collected 111 gold pieces.

Inventory:

Hand Weapons
 e - a +0 dagger (weapon)
Armour
 a - a +0 robe (worn)
Wands
 n - a wand of iceblast (12)
Scrolls
 b - a scroll of teleportation
 d - a scroll of remove curse
Potions
 f - a potion of agility
 g - a potion of cancellation {unknown}
 h - a potion of might {unknown}
 i - a potion of brilliance {unknown}
 j - 2 potions of haste
 k - a potion of magic {unknown}
 l - 2 potions of berserk rage
 m - a potion of curing {unknown}
Comestibles
 c - 7 rations
 o - a chunk of flesh


   Skills:
 - Level 1.0 Short Blades
 + Level 3.8 Dodging
 + Level 4.0 Stealth
 + Level 4.4 Spellcasting
 + Level 5.1 Conjurations
 - Level 1.0 Hexes
 + Level 0.9 Evocations


You had 2 spell levels left.
You knew the following spells:

 Your Spells              Type           Power        Failure   Level  Hunger
a - Magic Dart            Conj           ####         1%          1    None
b - Searing Ray           Conj           ####..       1%          2    #......
c - Dazzling Spray        Conj/Hex       ###...       10%         3    ##.....
d - Iskenderun's Mystic   Conj           ####....     14%         4    ####...

Your spell library contained the following spells:

 Spells                   Type           Power        Failure   Level  Hunger
 Fulminant Prism          Conj/Hex       ###.......   32%         4    ####...
 Force Lance              Conj/Tloc      ###.....     36%         4    ####...


Dungeon Overview and Level Annotations

Branches:
Dungeon (3/15)

Altars:

Annotations:
D:3 Grinder


Message History

The searing ray hits Grinder.
Grinder is heavily wounded.
Grinder hits you.
You writhe in agony.
The searing ray hits Grinder.
Grinder is severely wounded.
You finish channeling your searing ray.
Grinder gestures at you. Pain shoots through your body!
* * * LOW HITPOINT WARNING * * *
Casting: Searing Ray (safe; 1% risk of failure)
Confirm with . or Enter, or press ? or * to list all spells.
Aiming: Magic Dart (safe; 1% risk of failure)
Press: ? - help, Shift-Dir - straight line, f/p - Grinder
Aim: Grinder (severely wounded)
Okay, then.
Okay, then.
You hit Grinder but do no damage.
Grinder is severely wounded.
Grinder hits you.
You die...

.#.### ##.#..## ##...#
#.##..## ####.# #.###..#
# #.# #..###.#####.# #.#
##.###.......# #.#
#.....####### #.#
####....# # #.#
#....#..####
####.####.#####.@5<#
...........# #.##†#####
#..........# #.##..(..#
...........#
#.######†..).#
#.........[####.## ....>
#.............#..######
....
#..........##.........#
...
#############.........#
..
........................
.


You could see Grinder.

Vanquished Creatures
  An orc wizard (D:3)
  Terence (D:2)
  4 adders
  An ooze (D:2)
  2 worms (D:2)
  4 dart slugs
  A leopard gecko (D:3)
  7 orcs
  2 giant cockroaches
  8 goblins
  8 hobgoblins
  3 jackals (D:1)
  8 kobolds
  A quokka (D:3)
  13 bats
  6 frilled lizards
  8 rats
78 creatures vanquished.

Notes
Turn   | Place    | Note
-------+----------+-------------------------------------------
     0 | D:1      | Gildeon the Deep Elf Conjurer began the quest for the Orb.
     0 | D:1      | Reached XP level 1. HP: 10/10 MP: 6/6
   220 | D:1      | Reached XP level 2. HP: 15/15 MP: 8/8
   237 | D:1      | Learned a level 2 spell: Searing Ray
   553 | D:1      | Reached XP level 3. HP: 19/19 MP: 8/10
   558 | D:1      | Learned a level 3 spell: Dazzling Spray
   819 | D:1      | You fall through a shaft!
  1342 | D:2      | Reached XP level 4. HP: 24/24 MP: 4/11
  1352 | D:2      | Learned a level 4 spell: Iskenderun's Mystic Blast
  1513 | D:2      | Reached skill level 1 in Short Blades
  1637 | D:2      | Noticed Terence
  1654 | D:2      | Killed Terence
  1654 | D:2      | Reached skill level 5 in Conjurations
  1654 | D:2      | Reached skill level 1 in Hexes
  2074 | D:3      | Reached XP level 5. HP: 28/28 MP: 9/13
  2372 | D:3      | Noticed Grinder
  2387 | D:3      | Slain by Grinder

Vault maps used:
D:1:      dpeg_arrival_round_c
D:2:      uniq_terence
D:3:      chequers_temple_overflow_minitemple, first_ration, uniq_grinder

Skill      XL: |  1  2  3  4  5 |
---------------+----------------+-----
Stealth        | 3 4 |  4.0
Dodging        | 3 |  3.8
Short Blades   | 1 |  1.0
Spellcasting   | 4 |  4.4
Conjurations   | 5 |  5.1
Hexes          | 1 |  1.0
Evocations     | |  0.9

Action                   |  1- 3 |  4- 6 || total
-------------------------+-------+-------++-------
Melee: Dagger            |    20 |    31 ||    51
 Cast: Magic Dart        |    77 |    46 ||   123
       Searing Ray       |     2 |     2 ||     4
  Use: Scroll            |     4 |     4 ||     8
 Stab: Sleeping          |     6 |     5 ||    11
  Eat: Chunk             |     1 |     3 ||     4
Armor: Robe              |     8 |     9 ||    17
Dodge: Dodged            |    19 |    43 ||    62

Table legend:
 A = Non-vault XP
 B = Vault XP
 C = Vault XP percentage of total XP
 D = Non-vault monster count
 E = Vault monster count
 F = Vault count percentage of total count
                 A         B        C        D         E       F
            +---------+---------+-------+---------+---------+-------
      Total |     237 |      36 |  13.2 |      77 |       1 |   1.3
            +---------+---------+-------+---------+---------+-------
        D:1 |      53 |       0 |   0.0 |      29 |       0 |   0.0
        D:2 |      97 |      36 |  27.1 |      26 |       1 |   3.7
        D:3 |      87 |       0 |   0.0 |      22 |       0 |   0.0
            +---------+---------+-------+---------+---------+-------
